 Dungeon Crawl Stone Soup version bcrawl-1.37 (webtiles) character file.

Game seed: 6977587645408533445

184491 Earthwalker the Firebug (level 6, -3/46 HPs)
             Began as a Demigod Fire Elementalist on Oct 3, 2022.
             Slain by a gnoll
             ... wielding a +1 whip of electrocution
              (4 damage)
             ... on level 3 of the Dungeon.
             The game lasted 00:26:43 (3565 turns).

Earthwalker the Firebug (Demigod Fire Elementalist) Turns: 3565, Time: 00:26:43

Health: -3/46      AC:  3    Str: 12    XL:     6   Next: 70%
Magic:  1/14       EV: 12    Int: 25    God:    Demigod [**....]
Gold:   82         SH:  0    Dex: 19    Spells: 10/11 levels left

rFire    . . .     GDR:     30% n - +2 spear (pierce)
rCold    . . .     SeeInvis .   (no shield)
rNeg     . . .     Gourm    .   y - +0 leather armour
rPois    .         Faith    .   (no helmet)
rElec    .         Spirit   .   (no cloak)
rCorr    .         Reflect  .   (no gloves)
MR       .....                  (no boots)
Stlth    ++........             (no amulet)
HPRegen  0.15/turn              u - +4 ring of intelligence
MPRegen  0.14/turn              (no ring)

@: about to teleport, very slightly contaminated
A: high mp 1
a: Temporal Distortion, Growth


You were on level 3 of the Dungeon.
You worshipped Demigod.
Demigod was pleased with you.
You were not hungry.

You visited 1 branch of the dungeon, and saw 3 of its levels.

You collected 82 gold pieces.

Inventory:

Hand Weapons
 b - a +0 club
 n - a +2 spear of piercing (weapon)
 x - a +1 hand axe of venom
Missiles
 d - 760 stones (quivered)
 h - 542 arrows
 w - 3 throwing nets {=f}
Armour
 a - a +0 robe
 l - a +0 ring mail
 p - a +0 leather armour
 r - a +0 helmet
 y - a +0 leather armour (worn)
 B - a +0 robe
Jewellery
 u - a +4 ring of intelligence (left hand)
Wands
 c - a wand of flame (4)
Scrolls
 i - a scroll of identify
 j - 2 scrolls of remove curse
 m - 2 scrolls of teleportation
 q - a scroll of noise
 z - a scroll of fog
Potions
 f - a potion of resistance {unknown}
 g - a potion of degeneration {unknown}
 k - a potion of curing {unknown}
 o - a potion of brilliance {unknown}
 s - 3 potions of lignification {unknown}
 t - a potion of invisibility {unknown}
 v - a potion of might {unknown}
 C - a potion of cancellation {unknown}
Comestibles
 e - 4 rations {!d}


   Skills:
 + Level 0.5 Fighting
 + Level 0.1 Maces & Flails
 + Level 0.3 Polearms
 + Level 0.6 Armour
 + Level 2.1 Dodging
 + Level 2.4 Stealth
 + Level 3.4 Spellcasting
 + Level 2.8 Conjurations
 + Level 4.6 Fire Magic


You had 10 spell levels left.
You knew the following spells:

 Your Spells              Type           Power        Failure   Level  Hunger
a - Flame Tongue          Conj/Fire      ###..        2%          1    None

Your spell library contained the following spells:

 Spells                   Type           Power        Failure   Level  Hunger
 Flaming Arrows           Chrm/Fire      ###.....     7%          2    None
 Conjure Flame            Conj/Fire      ###.....     8%          3    ####...
 Inner Flame              Hex/Fire       N/A          14%         3    ####...
 Sticky Flame             Conj/Fire      ###.....     26%         4    #####..
 Fireball                 Conj/Fire      ###.......   58%         5    ######.


Dungeon Overview and Level Annotations

Branches:
Dungeon (3/12)


Innate Abilities, Weirdness & Mutations

You have an increased reservoir of magic. (+10% MP)


Message History

Confirm with . or Enter, or press ? or * to list all spells.
Aiming: Flame Tongue (safe; 2% risk of failure)
Press: ? - help, Shift-Dir - straight line, f/p - gnoll
Aim: a gnoll, wielding a +0 spear (severely wounded)
The flame tongue hits the gnoll!
You kill the gnoll!
Your kill strengthens your divinity.
You hit the gnoll.
Snnnck.
The gnoll is moderately wounded.
You hit the gnoll.
Ssssck.
The gnoll is heavily wounded.
The gnoll hits you with a +1 whip of electrocution.
* * * LOW HITPOINT WARNING * * *
You are electrocuted!
* * * LOW HITPOINT WARNING * * *
As you read the scroll of teleportation, it crumbles to dust.
You feel strangely unstable.
The gnoll hits you with a +1 whip of electrocution.
You die...
Your divinity fades.

....#..... #.≈≈≈....#
....'..... #.≈≈≈....#
....#..... #+###≈≈....#
''''#############...#≈≈P...#
................#g..#≈≈....#
....≈≈≈≈≈≈≈≈≈≈≈≈#####≈≈....#
....≈)≈≈≈≈≈≈≈≈≈≈≈≈≈≈≈≈≈....#
)...≈)≈≈≈≈≈≈≈≈≈≈≈≈≈≈≈≈≈...P#
..........†..†)g@..........#
.........>.).)##############
#########.###.# .........
.....###.#... {#..#######
#.##### .... ... .#.# #.#
#.#


You could see a gnoll.

Vanquished Creatures
  A phantom (D:3)
  2 orc priests (D:3)
  Jessica (D:3)
  An orc wizard (D:3)
  9 gnolls (D:3)
  2 adders (D:3)
  An ooze (D:2)
  6 worms
  2 dart slugs
  2 leopard geckos (D:1)
  4 orcs
  A ball python (D:2)
  6 giant cockroaches
  7 goblins
  13 hobgoblins
  18 jackals
  4 bats
  3 frilled lizards
  9 kobolds
  4 rats
96 creatures vanquished.

Notes
Turn   | Place    | Note
-------+----------+-------------------------------------------
     0 | D:1      | Earthwalker the Demigod Fire Elementalist began the quest
                  | for the Orb.
     0 | D:1      | Reached XP level 1. HP: 14/14 MP: 5/5
   291 | D:1      | Reached skill level 3 in Fire Magic
   291 | D:1      | Reached XP level 2. HP: 16/20 MP: 2/7
   560 | D:1      | Reached skill level 1 in Conjurations
   934 | D:2      | Reached XP level 3. HP: 26/26 MP: 2/9
  1015 | D:2      | Reached * piety under Demigod
  1791 | D:2      | Reached XP level 4. HP: 33/33 MP: 6/10
  2320 | D:2      | Reached ** piety under Demigod
  2503 | D:2      | Found a shadowy altar of Dithmenos.
  2686 | D:3      | Reached skill level 4 in Fire Magic
  2686 | D:3      | Reached XP level 5. HP: 38/38 MP: 3/11
  2755 | D:3      | Noticed a phantom
  2844 | D:3      | Killed a phantom
  2845 | D:3      | Reached XP level 6. HP: 39/45 MP: 4/13
  3037 | D:3      | Noticed Jessica
  3046 | D:3      | Killed Jessica
  3564 | D:3      | HP: 1/46 [gnoll/+1 whip of electrocution (11)]
  3565 | D:3      | Slain by a gnoll

Skill      XL: |  1  2  3  4  5 |
---------------+----------------+-----
Spellcasting   | 2 3 |  3.4
Fire Magic     | 3 4 |  4.6
Conjurations   | 1 2 |  2.8
Dodging        | 2 |  2.1
Fighting       | |  0.5
Maces & Flails | |  0.1
Polearms       | |  0.3
Armour         | |  0.6
Stealth        | |  2.4

Action                   |  1- 3 |  4- 6 || total
-------------------------+-------+-------++-------
Melee: Club              |    15 |       ||    15
       Spear             |    13 |     7 ||    20
Throw: Stone             |     1 |       ||     1
 Cast: Flame Tongue      |   108 |   114 ||   222
  Use: Scroll            |     6 |     3 ||     9
  Eat: Chunk             |     2 |     7 ||     9
       Ration            |     1 |     1 ||     2
Armor: Robe              |     9 |     2 ||    11
       Leather armour    |       |    10 ||    10
Dodge: Dodged            |    30 |    47 ||    77
